 Dungeon Sprint DCSS version 0.20.0-15-g7f486f2 (webtiles) character file.

459 Groucho the Unseen (level 6, -1/28 HPs)
             Began as a Spriggan Enchanter on June 16, 2017.
             Slain by a tyrant leech (15 damage)
             ... in the Dungeon (Sprint II: "The Violet Keep of Menkaure").
             The game lasted 00:02:04 (653 turns).

Groucho the Unseen (Spriggan Enchanter)              Turns: 653, Time: 00:02:04

Health: -1/28      AC:  2    Str:  6    XL:     6   Next: 78%
Magic:  3/19       EV: 18    Int: 17    God:
Gold:   486        SH:  0    Dex: 16    Spells: 14/23 levels left

rFire    . . .     SeeInvis +   a - +1 dagger
rCold    . . .     Gourm    .   (shield restricted)
rNeg     . . .     Faith    .   b - +0 robe
rPois    .         Spirit   .   (helmet restricted)
rElec    .         Reflect  .   (no cloak)
rCorr    .         Harm     .   (gloves unavailable)
MR       +....     NoTele   +   (boots unavailable)
Stlth    ++++++....             (no amulet)
Regen    0.1/turn               (no ring)
MPRegen  0.2/turn               (no ring)

@: very quick
A: unfitting armour, see invisible, herbivore 3, speed 3, slow metabolism 2
a: no special abilities


You were in the Dungeon.
You were not hungry.

You visited 1 branch You collected 486 gold pieces.

Inventory:

Hand Weapons
 a - a +1 dagger (weapon)
Armour
 b - a +0 robe (worn)
Scrolls
 j - a scroll of blinking
Potions
 g - a potion of haste
Books
 c - a book of Maledictions

   Spells                             Type                      Level
   a - Corona                         Hexes                        1
   b - Ensorcelled Hibernation        Hexes/Ice                    2
   c - Confuse                        Hexes                        3
   d - Tukima's Dance                 Hexes                        3
   e - Dazzling Spray                 Conjuration/Hexes            3
Comestibles
 d - a bread ration


   Skills:
 - Level 1.1 Short Blades
 - Level 3.0 Dodging
 * Level 15.5 Stealth
 + Level 9.1 Spellcasting
 + Level 9.5 Hexes


You had 14 spell levels left.
You knew the following spells:

 Your Spells              Type           Power        Failure   Level  Hunger
a - Corona                Hex            #####..      1%          1    None
b - Ensorcelled Hibernat  Hex/Ice        ###...       1%          2    None
c - Confuse               Hex            #####...     1%          3    None
d - Dazzling Spray        Conj/Hex       ###...       4%          3    None


Dungeon Overview and Level Annotations

Branches:
Dungeon (1/1)

Altars:


Innate Abilities, Weirdness & Mutations

You are very small and have problems with some larger weapons.
You are too small for most types of armour.
You have supernaturally acute eyesight. (SInv)
You are a herbivore.
You cover ground extremely quickly.
You need consume almost no food.


Message History

* * * LOW HITPOINT WARNING * * *
The tyrant leech draws strength from your injuries!
You are too injured to fight recklessly!
You feel much better.
You hit the tyrant leech but do no damage.
You hit the tyrant leech but do no damage.
The tyrant leech bites you!
The tyrant leech draws strength from your injuries!
You are too injured to fight recklessly!
You are too injured to fight recklessly!
You are too injured to fight recklessly!
You are too injured to fight recklessly!
You hit the tyrant leech but do no damage.
There is a staircase leading out of the dungeon here.
You hit the tyrant leech but do no damage.
There is a staircase leading out of the dungeon here.
You hit the tyrant leech but do no damage.
The tyrant leech bites you!
Ouch! That really hurt!
You die...

#+# ##÷#.##
#.###†# #
##.#.#### ##.
##'###.#
#...##.##.###
#w@<.'##.+
#$..##.##w..#
##. #'###.##
# .#. ### ..
.. ### ###


You could see 2 tyrant leeches.

Vanquished Creatures
  2 hippogriffs (D)
  4 worker ants (D)
  3 worms (D)
9 creatures vanquished.

Vanquished Creatures (others)
  A crocodile (D)
1 creature vanquished.

Grand Total: 10 creatures vanquished

Notes
Turn   | Place    | Note
-------+----------+-------------------------------------------
     0 | D        | Groucho the Spriggan Enchanter began the quest for the Orb.
     0 | D        | Reached XP level 1. HP: 9/9 MP: 5/5
     1 | D        | Noticed a tyrant leech
     1 | D        | Noticed a tyrant leech
     9 | D        | Reached skill level 5 in Stealth
    12 | D        | Reached skill level 6 in Stealth
    16 | D        | Reached XP level 2. HP: 13/13 MP: 5/7
    33 | D        | Learned a level 2 spell: Ensorcelled Hibernation
    63 | D        | Killed a crocodile
    69 | D        | Reached skill level 8 in Stealth
    69 | D        | Reached skill level 5 in Hexes
    69 | D        | Reached XP level 3. HP: 10/16 MP: 5/9
    71 | D        | Reached skill level 9 in Stealth
    71 | D        | Reached skill level 5 in Spellcasting
    75 | D        | Reached skill level 10 in Stealth
    75 | D        | Reached XP level 4. HP: 12/21 MP: 8/12
   249 | D        | Learned a level 3 spell: Confuse
   253 | D        | Learned a level 3 spell: Dazzling Spray
   255 | D        | Noticed a hippogriff
   255 | D        | Noticed a hippogriff
   263 | D        | Killed a hippogriff
   263 | D        | Reached skill level 13 in Stealth
   263 | D        | Reached XP level 5. HP: 11/24 MP: 8/16
   263 | D        | Reached XP level 6. HP: 13/28 MP: 8/17
   623 | D        | Killed a hippogriff
   623 | D        | Reached skill level 15 in Stealth
   653 | D        | Slain by a tyrant leech

Skill      XL: |  1  2  3  4  5  6 |
---------------+-------------------+-----
Stealth        | 6 8 10 13 15 | 15.5
Spellcasting   | 3 4 5 7 9 |  9.1
Hexes          | 4 5 6 8 9 |  9.5
Short Blades   | |  1.1
Dodging        | |  3.0

Action                   |  1- 3 |  4- 6 || total
-------------------------+-------+-------++-------
Melee: Dagger            |    13 |    11 ||    24
 Cast: Ensorcelled Hiber |     6 |     4 ||    10
       Confuse           |       |     7 ||     7
  Use: Potion            |     3 |     2 ||     5
 Stab: Sleeping          |     3 |     3 ||     6
       Confused          |       |     1 ||     1
Armor: Robe              |       |     1 ||     1
Dodge: Dodged            |     7 |    10 ||    17
